MLB
PHILADELPHIA PHILLIES @ ARIZONA DIAMONDBACKS
09/02/2026
 
TOP OF THE 1ST
Philadelphia Phillies batting - Pitching for Arizona Diamondbacks : LHP Raúl Morán
Pitching: LHP Raúl Morán
Batting: SHB Jose Colina 0-0: Foul Ball, location: 9LMF
0-1: Ball
1-1: Ball
2-1: Foul Ball, location: 2F
2-2: Ball
3-2: Foul Ball, location: 5DF
3-2: Ground out 4-3 (Groundball, 4MS, EV 66 MPH)
Batting: RHB Michael Garnier 0-0: Ball
1-0: Foul Ball, location: 9LDF
1-1: Ball
2-1: Ball
3-1: Fly out, F8 (Flyball, 8LD, EV 104 MPH)
Batting: RHB Maikel Franco 0-0: Called Strike
0-1: Ball
1-1: Called Strike
1-2: Ball
2-2: Ball
3-2: Foul Ball, location: 5DF
3-2: Base on Balls
Batting: RHB Ryan McBroom 0-0: Ball
1-0: Called Strike
1-1: Foul Ball, location: 2F
1-2: Fielders Choice at 2nd, 6-4 (Groundball, 56, EV 94 MPH)
Top of the 1st over - 0 runs, 0 hits, 0 errors, 1 left on base; Philadelphia 0 - Arizona 0
BOTTOM OF THE 1ST
Arizona Diamondbacks batting - Pitching for Philadelphia Phillies : LHP Tim Cooney
Pitching: LHP Tim Cooney
Batting: SHB Johnny McConnell 0-0: Foul Ball, location: 5FF
0-1: Foul Ball, location: 2F
0-2: Foul Ball, location: 9LSF
0-2: DOUBLE (Flyball, 9LM, EV 101 MPH)
Batting: RHB Derek Briggs 0-0: Ball
1-0: Ball
2-0: Ball
3-0: Base on Balls
Batting: LHB Sergio Portillo 0-0: Ball
Wild Pitch!
Johnny McConnell to third
Derek Briggs to second
1-0: Foul Ball, location: 25F
1-1: Ball
2-1: Called Strike
2-2: Ball
3-2: Base on Balls
Batting: RHB Terrell Joyce 0-0: Grounds into double play, 5-4-3 (Groundball, 5S, EV 81 MPH)
Johnny McConnell scores
Derek Briggs to third
Batting: RHB Josh Marshania 0-0: Called Strike
0-1: Swinging Strike
0-2: Strikes out swinging
Bottom of the 1st over - 1 run, 1 hit, 0 errors, 1 left on base; Philadelphia 0 - Arizona 1
TOP OF THE 2ND
Philadelphia Phillies batting - Pitching for Arizona Diamondbacks : LHP Raúl Morán
Batting: RHB Brandon Diaz 0-0: Called Strike
0-1: Ball
1-1: Ball
2-1: Ground out 6-3 (Groundball, 6S, EV 109 MPH)
Batting: RHB Wes Bowers 0-0: Foul Ball, location: 23F
0-1: Ball
1-1: Swinging Strike
1-2: Ball
2-2: Strikes out swinging
Batting: LHB Ivan Hakanson 0-0: Ball
1-0: Called Strike
1-1: Ball
2-1: Fly out, F9 (Flyball, 89M, EV 85 MPH)
Top of the 2nd over - 0 runs, 0 hits, 0 errors, 0 left on base; Philadelphia 0 - Arizona 1
BOTTOM OF THE 2ND
Arizona Diamondbacks batting - Pitching for Philadelphia Phillies : LHP Tim Cooney
Batting: RHB Yohel Pozo 0-0: Swinging Strike
0-1: Ball
1-1: SINGLE (Line Drive, 89D, EV 100 MPH)
Batting: RHB Phil Leighton 0-0: Ball
1-0: Ball
2-0: Swinging Strike
2-1: Foul Ball, location: 3F
2-2: Foul Ball, location: 3SF
2-2: Grounds into double play, 6-4-3 (Groundball, 6S, EV 74 MPH)
Batting: LHB Jorge Aguilar 0-0: Swinging Strike
0-1: Ball
1-1: Swinging Strike
1-2: Ground out 6-3 (Groundball, 6MD, EV 78 MPH)
Bottom of the 2nd over - 0 runs, 1 hit, 0 errors, 0 left on base; Philadelphia 0 - Arizona 1
TOP OF THE 3RD
Philadelphia Phillies batting - Pitching for Arizona Diamondbacks : LHP Raúl Morán
Batting: RHB Jose Altuve 0-0: Ball
1-0: Ball
2-0: Foul Ball, location: 5F
2-1: Foul Ball, location: 25FF
2-2: Ball
3-2: Strikes out swinging
Batting: LHB J.P. Crawford 0-0: Called Strike
0-1: Ball
1-1: Swinging Strike
1-2: Strikes out looking
Batting: SHB Jose Colina 0-0: Called Strike
0-1: Ball
1-1: Ball
2-1: Swinging Strike
2-2: Foul Ball, location: 9LSF
2-2: Fly out, F8 (Flyball, 8LD, EV 105 MPH)
Top of the 3rd over - 0 runs, 0 hits, 0 errors, 0 left on base; Philadelphia 0 - Arizona 1
BOTTOM OF THE 3RD
Arizona Diamondbacks batting - Pitching for Philadelphia Phillies : LHP Tim Cooney
Batting: SHB Christopher Torres 0-0: Called Strike
0-1: Ground out 4-3 (Groundball, 4S, EV 59 MPH)
Batting: SHB Johnny McConnell 0-0: Swinging Strike
0-1: Foul Ball, location: 7LDF
0-2: Ball
1-2: Strikes out swinging
Batting: RHB Derek Briggs 0-0: Ground out 1-3 (Groundball, 13S, EV 71 MPH)
Bottom of the 3rd over - 0 runs, 0 hits, 0 errors, 0 left on base; Philadelphia 0 - Arizona 1
TOP OF THE 4TH
Philadelphia Phillies batting - Pitching for Arizona Diamondbacks : LHP Raúl Morán
Batting: RHB Michael Garnier 0-0: Ball
1-0: Ball
2-0: Ball
3-0: Called Strike
3-1: Called Strike
3-2: Strikes out swinging
Batting: RHB Maikel Franco 0-0: Ball
1-0: Foul Ball, location: 9LMF
1-1: Swinging Strike
1-2: Ground out 1-3 (Groundball, P, EV 93 MPH)
Batting: RHB Ryan McBroom 0-0: Called Strike
0-1: Ball
1-1: Swinging Strike
1-2: Ball
2-2: Foul Ball, location: 2F
2-2: Ball
3-2: Base on Balls
Batting: RHB Brandon Diaz 0-0: Called Strike
0-1: Called Strike
0-2: Ball
1-2: SINGLE (Line Drive, 9, EV 107 MPH)
Ryan McBroom to second
Batting: RHB Wes Bowers 0-0: Foul Ball, location: 23F
0-1: Called Strike
0-2: Ball
1-2: Strikes out looking
Top of the 4th over - 0 runs, 1 hit, 0 errors, 2 left on base; Philadelphia 0 - Arizona 1
BOTTOM OF THE 4TH
Arizona Diamondbacks batting - Pitching for Philadelphia Phillies : LHP Tim Cooney
Batting: LHB Sergio Portillo 0-0: Ball
1-0: Ball
2-0: Ball
3-0: Called Strike
3-1: Swinging Strike
3-2: SINGLE (Line Drive, 78D, EV 84 MPH)
Batting: RHB Terrell Joyce 0-0: Ball
1-0: Ball
2-0: Called Strike
2-1: Foul Ball, location: 2F
2-2: Ball
3-2: Fly out, F3 (Popup, 3F, EV 79 MPH)
Batting: RHB Josh Marshania 0-0: Ball
Sergio Portillo steals 2nd base
1-0: Fly out, F6 (Line Drive, 6M, EV 102 MPH)
Batting: RHB Yohel Pozo 0-0: Called Strike
0-1: Foul Ball, location: 2F
0-2: Foul Ball, location: 9LDF
0-2: Fly out, F9 (Line Drive, 9D, EV 100 MPH)
Bottom of the 4th over - 0 runs, 1 hit, 0 errors, 1 left on base; Philadelphia 0 - Arizona 1
TOP OF THE 5TH
Philadelphia Phillies batting - Pitching for Arizona Diamondbacks : LHP Raúl Morán
Batting: LHB Ivan Hakanson 0-0: Ball
1-0: Called Strike
1-1: Ball
2-1: Foul Ball, location: 2F
2-2: Ball
3-2: Base on Balls
Batting: RHB Jose Altuve 0-0: Called Strike
0-1: DOUBLE (Line Drive, 89D, EV 97 MPH)
Ivan Hakanson to third
Batting: LHB J.P. Crawford 0-0: Called Strike
0-1: Called Strike
0-2: Strikes out looking
Batting: SHB Jose Colina 0-0: Ball
1-0: Called Strike
1-1: Foul Ball, location: 9LSF
1-2: Strikes out swinging
Batting: RHB Michael Garnier 0-0: Ball
1-0: Ball
2-0: Ball
3-0: Called Strike
3-1: Swinging Strike
3-2: Strikes out swinging
Top of the 5th over - 0 runs, 1 hit, 0 errors, 2 left on base; Philadelphia 0 - Arizona 1
BOTTOM OF THE 5TH
Arizona Diamondbacks batting - Pitching for Philadelphia Phillies : LHP Tim Cooney
Batting: RHB Phil Leighton 0-0: Ball
1-0: Called Strike
1-1: Foul Ball, location: 23F
1-2: Ball
2-2: Ground out 2-3 (Groundball, 2R, EV 63 MPH)
Batting: LHB Jorge Aguilar 0-0: Called Strike
0-1: Swinging Strike
0-2: Strikes out swinging
Batting: SHB Christopher Torres 0-0: Ball
1-0: Called Strike
1-1: Ball
2-1: Called Strike
2-2: Ground out 6-3 (Groundball, 6MD, EV 87 MPH)
Bottom of the 5th over - 0 runs, 0 hits, 0 errors, 0 left on base; Philadelphia 0 - Arizona 1
TOP OF THE 6TH
Philadelphia Phillies batting - Pitching for Arizona Diamondbacks : LHP Raúl Morán
Batting: RHB Maikel Franco 0-0: Ball
1-0: Ball
2-0: Called Strike
2-1: Ball
3-1: Called Strike
3-2: Strikes out looking
Batting: RHB Ryan McBroom 0-0: Swinging Strike
0-1: Ball
1-1: Ball
2-1: Ball
3-1: Foul Ball, location: 5F
3-2: Ground out 5-3 (Groundball, 56, EV 68 MPH)
Batting: RHB Brandon Diaz 0-0: Ball
1-0: Ball
2-0: Called Strike
2-1: Ball
3-1: Swinging Strike
3-2: Ground out 6-3 (Groundball, 6M, EV 70 MPH)
Top of the 6th over - 0 runs, 0 hits, 0 errors, 0 left on base; Philadelphia 0 - Arizona 1
BOTTOM OF THE 6TH
Arizona Diamondbacks batting - Pitching for Philadelphia Phillies : LHP Tim Cooney
Batting: SHB Johnny McConnell 0-0: Swinging Strike
0-1: Foul Ball, location: 2F
0-2: Ball
1-2: Foul Ball, location: 23F
1-2: Foul Ball, location: 5DF
1-2: Fly out, F7 (Flyball, 7, EV 81 MPH)
Batting: RHB Derek Briggs 0-0: Called Strike
0-1: Swinging Strike
0-2: Foul Ball, location: 9LDF
0-2: Ball
1-2: Foul Ball, location: 5FF
1-2: SINGLE (Groundball, 34S, EV 71 MPH) (infield hit)
Batting: LHB Sergio Portillo 0-0: Ball
1-0: Called Strike
1-1: Ball
2-1: Swinging Strike
2-2: Hit by Pitch
Derek Briggs to second
Batting: RHB Terrell Joyce 0-0: Called Strike
0-1: SINGLE (Groundball, 3D, EV 98 MPH)
Derek Briggs to third
Sergio Portillo to second
Runner from 3rd tries for Home, SAFE, throw by RF to home
Batting: RHB Josh Marshania 0-0: Called Strike
0-1: Foul Ball, location: 2F
0-2: Foul Ball, location: 2F
0-2: Ball
1-2: Ball
2-2: Ball
3-2: Ground out 6-3 (Groundball, 6M, EV 70 MPH)
Sergio Portillo to third
Terrell Joyce to second
Pitching: LHP Miguel Angel Martínez
Batting: RHB Yohel Pozo 0-0: Ball
1-0: Called Strike
1-1: Ball
2-1: Ground out 5-3 (Groundball, 56S, EV 85 MPH)
Bottom of the 6th over - 1 run, 2 hits, 0 errors, 2 left on base; Philadelphia 0 - Arizona 2
TOP OF THE 7TH
Philadelphia Phillies batting - Pitching for Arizona Diamondbacks : LHP Raúl Morán
Pitching: RHP Jon Cameron
Now at 1B: Josh Marshania
Now at 2B: Richard Urena
Now in LF: Phil Leighton
Now in RF: José Silva
Pinch Hitting: LHB Jonas Lantigua 0-0: Ball
1-0: Ball
2-0: Ball
3-0: Called Strike
3-1: Called Strike
3-2: Strikes out swinging
Batting: LHB Ivan Hakanson 0-0: Ball
1-0: Ball
2-0: Ball
3-0: Called Strike
3-1: SINGLE (Line Drive, 4M, EV 59 MPH)
Pinch Runner at 1st Jose Patino:
Batting: RHB Jose Altuve 0-0: Ball
1-0: Ball
2-0: Ball
3-0: Called Strike
3-1: Foul Ball, location: 2F
3-2: Foul Ball, location: 9LSF
3-2: Ground out 4-3 (Groundball, 4M, EV 57 MPH)
Jose Patino to second
Pitching: LHP Jody Davis
Now at 1B: Luis Álvarez
Now at 3B: Josh Marshania
Batting: LHB J.P. Crawford 0-0: Ball
1-0: Called Strike
1-1: Foul Ball, location: 2F
1-2: Strikes out swinging
Top of the 7th over - 0 runs, 1 hit, 0 errors, 1 left on base; Philadelphia 0 - Arizona 2
BOTTOM OF THE 7TH
Arizona Diamondbacks batting - Pitching for Philadelphia Phillies : LHP Miguel Angel Martínez
Now at 1B: Jonas Lantigua
Now in CF: Jose Patino
Now in RF: Michael Garnier
Batting: RHB Phil Leighton 0-0: Ground out 5-3 (Groundball, 56, EV 75 MPH)
Batting: LHB Jorge Aguilar 0-0: Foul Ball, location: 2F
0-1: Ball
1-1: Reached via error on a dropped throw from P, E3 (Groundball, 13S, EV 61 MPH)
Batting: SHB Christopher Torres 0-0: Swinging Strike
0-1: Ball
1-1: Ball
2-1: Foul Ball, location: 23FF
2-2: Ball
3-2: Base on Balls
Jorge Aguilar to second
Batting: SHB Johnny McConnell 0-0: Fly out, F8 (Line Drive, 8RM, EV 86 MPH)
Batting: RHB Luis Álvarez 0-0: Ball
1-0: Called Strike
1-1: Ball
2-1: Ground out 6-3 (Groundball, 6S, EV 106 MPH)
Bottom of the 7th over - 0 runs, 0 hits, 1 error, 2 left on base; Philadelphia 0 - Arizona 2
TOP OF THE 8TH
Philadelphia Phillies batting - Pitching for Arizona Diamondbacks : LHP Jody Davis
Pitching: RHP Dan Caine
Batting: SHB Jose Colina 0-0: Called Strike
0-1: Ball
1-1: Foul Ball, location: 2RF
1-2: Ball
2-2: Ball
3-2: Fly out, F8 (Flyball, 8LM, EV 93 MPH)
Batting: RHB Michael Garnier 0-0: Ball
1-0: Ball
2-0: Called Strike
2-1: Foul Ball, location: 2F
2-2: Ball
3-2: Base on Balls
Batting: RHB Maikel Franco 0-0: Ball
1-0: Ground out 4-3 (Groundball, 34, EV 108 MPH)
Michael Garnier to second
Batting: LHB Ernesto Almirón 0-0: Intentional Walk
Batting: RHB Brandon Diaz 0-0: Ball
1-0: Called Strike
1-1: Called Strike
1-2: Fly out, F8 (Line Drive, 8RD, EV 92 MPH)
Top of the 8th over - 0 runs, 0 hits, 0 errors, 2 left on base; Philadelphia 0 - Arizona 2
BOTTOM OF THE 8TH
Arizona Diamondbacks batting - Pitching for Philadelphia Phillies : LHP Miguel Angel Martínez
Batting: LHB José Silva 0-0: Swinging Strike
0-1: Called Strike
0-2: Ground out 3-1 (Groundball, 3S, EV 54 MPH)
Batting: LHB Richard Urena 0-0: Called Strike
0-1: Foul Ball, location: 5F
0-2: Ball
1-2: Strikes out looking
Batting: RHB Josh Marshania 0-0: Ball
1-0: Foul Ball, location: 25F
1-1: Ground out 6-3 (Groundball, 6S, EV 83 MPH)
Bottom of the 8th over - 0 runs, 0 hits, 0 errors, 0 left on base; Philadelphia 0 - Arizona 2
TOP OF THE 9TH
Philadelphia Phillies batting - Pitching for Arizona Diamondbacks : RHP Dan Caine
Pitching: RHP Dan Edwards
Batting: LHB Jonas Lantigua 0-0: Ball
1-0: Foul Ball, location: 2F
1-1: Swinging Strike
1-2: Ball
2-2: Ball
3-2: Base on Balls
Batting: SHB Jose Patino 0-0: Called Strike
0-1: Called Strike
0-2: Strikes out swinging
Batting: RHB Jose Altuve 0-0: Called Strike
0-1: Foul Ball, location: 5DF
0-2: Ball
1-2: Ball
2-2: Ball
3-2: SINGLE (Groundball, 4MD, EV 86 MPH)
Jonas Lantigua to second
Batting: LHB J.P. Crawford 0-0: Called Strike
0-1: Grounds into double play, 5-4-3 (Groundball, 56S, EV 81 MPH)
Top of the 9th over - 0 runs, 1 hit, 0 errors, 1 left on base; Philadelphia 0 - Arizona 2
Tuesday, September 8th , 2026 - OOTP Baseball 27.4 Build 76